Map: Incorporeal LE

Players

sebesdes - Winner!

  • Race: Protoss Protoss
  • League: Master
  • Spawn Location: 5:00

Harstem

  • Race: Protoss Protoss
  • League: Grandmaster
  • Spawn Location: 11:00

Event: HomeStory Cup XXVII

VOD

Have the link to the VOD?

Description

Time

  • Played on: June 28, 2025, 10:57 a.m.
  • Length: 12:02

All games in this series

Show
View Real Time Build Order
Export as new Build Order

sebesdes Protoss - Winner!

Build Orders: Blink Stalkers 

Get SALT Encoding   

  12  0:00  Probe  
  13  0:12  Probe  
  14  0:17  Pylon  
  14  0:22  Probe  
  15  0:31  Probe  
  16  0:37  Gateway  
  16  0:40  Probe  
  16  0:46  Assimilator  
  17  0:52  Probe  
  17  0:54  Assimilator  
  18  1:00  Probe  
  19  1:08  Gateway, Probe  
  19  1:18  Probe  
  20  1:25  Cybernetics Core  
  21  1:30  Probe  
  22  1:35  Pylon  
  22  1:42  Probe  
  23  1:54  Probe  
  23  1:58  Stalker x2  
  24  2:01  Warp Gate  
  24  2:06  Probe  
  29  2:12  Pylon  
  28  2:25  Stalker  
  28  2:27  Stalker  
  30  2:35  Probe  
  33  2:55  Probe, Nexus  
  33  3:01  Sentry  
  33  3:03  Probe  
  37  3:13  Probe  
  38  3:22  Twilight Council  
  38  3:25  Probe  
  39  3:34  Blink  
  39  3:37  Probe  
  39  3:39  Pylon  
  38  3:50  Probe  
  39  3:59  Stalker x2  
  39  4:02  Probe  
  44  4:04  Probe  
  45  4:12  Probe  
  45  4:14  Dark Shrine, Probe  
  47  4:22  Probe  
  47  4:26  Adept x2  
  47  4:30  Pylon  
  52  4:31  Probe  
  52  4:34  Probe  
  54  4:43  Probe  
  55  4:46  Stalker x2  
  55  4:47  Probe  
  55  4:50  Assimilator  
  60  4:54  Pylon  
  60  4:56  Probe  
  61  5:00  Probe  
  62  5:12  Probe  
  63  5:16  Stalker x2  
  63  5:20  Nexus  
  63  5:27  Probe  
  62  5:39  Stalker x2  
  62  5:41  Probe  
  67  5:44  Forge  
  67  5:45  Probe  
  67  5:48  Gateway  
  67  5:49  Gateway  
  68  5:53  Probe  
  69  5:57  Probe  
  69  6:01  Pylon  
  69  6:02  Protoss Ground Weapons Level 1  
  70  6:06  Pylon  
  70  6:19  Probe  
  65  6:28  Dark Templar x2  
  65  6:29  Probe  
  65  6:30  Probe x2  
  69  6:33  Gateway x2  
  69  6:36  Robotics Facility  
  69  6:37  Probe  
  69  6:38  Probe  
  70  6:41  Probe  
  70  6:43  Stalker  
  70  6:44  Stalker  
  70  6:45  Probe  
  77  6:47  Probe  
  79  6:54  Probe  
  79  6:59  Charge  
  80  7:04  Stalker x2  
  80  7:06  Probe  
  81  7:09  Probe  
  81  7:10  Stalker x2  
  81  7:14  Gateway  
  84  7:18  Gateway  
  84  7:29  Pylon  
  86  7:33  Stalker x4  
  94  7:37  Stalker x2  
  94  7:42  Assimilator  
  96  7:45  Gateway  
  96  7:48  Immortal, Gateway  
  100  7:55  Pylon  
  100  7:56  Pylon, Protoss Ground Weapons Level 2  
  100  7:57  Zealot x3  
  100  7:58  Zealot  
  108  8:14  Zealot x4  
  113  8:22  Warp Prism  
  113  8:24  Stalker x2  
  107  8:31  Stalker x2  
  99  8:34  Probe  
  99  8:39  Stalker x3  
  96  8:47  Zealot x3  
  100  8:49  Zealot  
  100  8:51  Zealot  
  100  8:53  Observer  
  100  8:54  Pylon  
  104  8:57  Zealot  
  104  8:59  Zealot  
  109  9:16  Zealot x5  
  117  9:21  Zealot x4  
  125  9:29  Probe  
  120  9:33  Zealot  
  120  9:37  Probe  
  105  9:39  Zealot x4  
  105  9:40  Zealot  
  95  9:54  Stalker x5  
  93  10:05  Stalker x3  
  93  10:06  Stalker  
  93  10:17  Zealot x5  
  101  10:26  Stalker  
  101  10:35  Zealot x4  
  101  10:41  Stalker x4  
  103  10:49  Stalker  
  91  11:00  Stalker x5  
  97  11:06  Observer  
  97  11:12  Dark Templar x4  
  97  11:17  Zealot  
  105  11:26  Stalker x3  
  107  11:34  Zealot x2  
  109  11:44  Zealot x5  
Show
View Real Time Build Order
Export as new Build Order

Harstem Protoss 

Build Orders: Phoenix Opening, Blink Stalkers 

Get SALT Encoding   

  12  0:00  Probe  
  13  0:12  Probe  
  14  0:17  Pylon  
  14  0:24  Probe  
  15  0:32  Probe  
  15  0:35  Gateway  
  15  0:40  Probe  
  16  0:46  Assimilator  
  17  0:50  Probe  
  17  0:54  Assimilator  
  18  0:59  Probe  
  19  1:07  Gateway, Probe  
  20  1:17  Probe  
  20  1:24  Cybernetics Core  
  21  1:29  Probe  
  22  1:36  Pylon  
  22  1:41  Probe  
  23  1:54  Probe  
  23  2:00  Warp Gate, Sentry  
  28  2:04  Phoenix  
  26  2:17  Nexus  
  26  2:18  Probe  
  27  2:25  Sentry  
  29  2:30  Probe  
  29  2:32  Pylon  
  30  2:42  Probe  
  31  2:47  Stalker  
  33  2:53  Shield Battery, Sentry  
  35  3:01  Phoenix, Probe  
  35  3:21  Probe  
  35  3:25  Twilight Council  
  36  3:29  Probe  
  36  3:33  Probe  
  38  3:35  Blink  
  36  3:41  Probe  
  36  3:45  Probe  
  36  3:46  Shield Battery  
  36  3:48  Stalker x2  
  40  3:53  Probe  
  43  3:57  Forge, Probe  
  44  4:05  Probe  
  44  4:08  Phoenix  
  44  4:09  Probe  
  46  4:17  Probe  
  46  4:19  Stalker x2  
  46  4:21  Probe, Pylon, Protoss Ground Weapons Level 1  
  52  4:25  Pylon  
  52  4:30  Probe  
  53  4:33  Probe  
  54  4:43  Nexus  
  55  4:51  Robotics Facility  
  55  4:52  Stalker  
  56  4:55  Probe  
  57  5:00  Probe  
  57  5:01  Stalker  
  60  5:07  Probe  
  60  5:12  Probe  
  58  5:18  Stalker  
  58  5:19  Probe  
  60  5:24  Probe, Stalker  
  60  5:26  Assimilator  
  63  5:28  Gateway  
  63  5:31  Pylon  
  63  5:32  Phoenix  
  61  5:35  Probe  
  62  5:44  Pylon  
  62  5:46  Gateway  
  62  5:48  Gateway  
  62  5:49  Probe x2  
  64  5:53  Gateway  
  64  5:55  Probe  
  65  5:59  Stalker  
  65  6:01  Probe, Protoss Ground Weapons Level 2  
  65  6:02  Probe  
  69  6:05  Stalker  
  69  6:08  Probe  
  72  6:12  Pylon  
  72  6:13  Probe  
  63  6:29  Probe  
  63  6:30  Stalker x3  
  63  6:31  Probe  
  70  6:34  Observer  
  70  6:38  Probe, Photon Cannon  
  71  6:41  Probe  
  71  6:43  Probe, Stalker  
  75  6:47  Pylon  
  75  6:49  Stalker  
  75  6:50  Probe  
  75  6:53  Probe  
  79  6:55  Probe, Stalker  
  79  6:58  Stalker  
  84  7:02  Probe  
  84  7:05  Probe  
  84  7:07  Probe  
  84  7:11  Stalker  
  85  7:17  Probe  
  85  7:22  Probe  
  86  7:23  Assimilator  
  86  7:25  Stalker  
  86  7:26  Observer  
  86  7:29  Nexus  
  88  7:31  Pylon  
  88  7:32  Stalker x2  
  88  7:36  Probe  
  93  7:42  Stalker, Photon Cannon  
  96  7:47  Stalker x2  
  96  7:48  Probe  
  101  7:55  Gateway, Stalker  
  101  7:57  Gateway, Probe  
  103  7:59  Observer  
  103  8:03  Stalker  
  103  8:05  Probe x2  
  108  8:07  Pylon  
  108  8:17  Probe  
  105  8:27  Pylon  
  105  8:31  Stalker x5  
  101  8:35  Protoss Ground Weapons Level 3  
  97  8:44  Probe  
  86  8:49  Stalker  
  86  8:50  Probe x2  
  86  8:55  Gateway  
  91  8:56  Probe  
  91  8:57  Photon Cannon  
  91  8:58  Gateway  
  91  8:59  Stalker  
  91  9:00  Stalker  
  91  9:02  Probe, Photon Cannon  
  97  9:03  Probe  
  97  9:04  Pylon  
  97  9:09  Zealot  
  99  9:10  Zealot x2  
  99  9:12  Zealot  
  99  9:16  Zealot  
  100  9:21  Stalker  
  100  9:23  Stalker  
  102  9:26  Stalker  
  102  9:33  Zealot x3  
  102  9:35  Zealot  
  102  9:36  Probe  
  97  9:39  Zealot  
  97  9:45  Observer, Zealot  
  87  9:46  Probe  
  87  9:47  Zealot  
  87  9:48  Charge  
  82  9:53  Zealot x2  
  82  9:56  Probe x2, Zealot  
  82  9:57  Probe  
  79  10:03  Stalker  
  79  10:04  Probe  
  80  10:07  Probe  
  80  10:08  Probe  
  80  10:09  Probe, Stalker  
  80  10:12  Probe  
  84  10:18  Observer  
  81  10:21  Stalker x2  
  81  10:23  Stalker  
  79  10:33  Stalker x3  
  76  10:36  Stalker  
  77  10:43  Stalker x2  
  77  10:46  Probe x2  
  77  10:47  Stalker  
  77  10:49  Probe  
  75  10:58  Probe  
  75  10:59  Stalker  
  75  11:00  Zealot x2  
  75  11:01  Probe x2  
  81  11:04  Shield Battery  
  81  11:07  Probe  
  81  11:09  Zealot  
  85  11:13  Observer, Probe  
  85  11:16  Stalker x2  
  80  11:25  Zealot x3  
  80  11:29  Probe  
  77  11:33  Zealot x2  
  77  11:34  Zealot  
  77  11:39  Zealot  
  76  11:41  Probe x2  
  76  11:43  Probe  
  76  11:45  Zealot  
  76  11:49  Zealot  
Tags
 
Add a new tag
Caveats
  • Supply blocks, unpowered buildings, or Contaminate may cause inaccurate times.
  • Supply counts are checked every 10 seconds.